Map: [ESL] Gresvan

Players

ByuN - Winner!

  • Race: Terran Terran
  • Spawn Location: 5:00

Elazer

  • Race: Zerg Zerg
  • Spawn Location: 11:00

Event: ESL SC2 Masters 2023 Summer (Finals)

VOD

Have the link to the VOD?

Description

Time

  • Played on: June 17, 2023, 11:43 a.m.
  • Length: 10:31

All games in this series

Show
View Real Time Build Order
Export as new Build Order

ByuN Terran - Winner!

Build Orders:  

Get SALT Encoding   

  12  0:00  SCV  
  13  0:12  SCV  
  14  0:17  Supply Depot  
  14  0:24  SCV  
  15  0:39  SCV  
  15  0:41  Barracks  
  16  0:47  Refinery  
  16  0:57  Barracks  
  16  1:01  SCV  
  17  1:13  SCV  
  19  1:30  Orbital Command, Reaper  
  19  1:41  Supply Depot  
  19  1:48  Reaper  
  20  1:55  SCV  
  21  2:06  Reaper  
  21  2:08  SCV  
  23  2:14  Command Center  
  23  2:20  SCV  
  24  2:24  Reaper  
  25  2:32  Barracks  
  25  2:33  SCV  
  26  2:41  Refinery  
  26  2:45  SCV  
  26  2:51  Barracks Reactor  
  27  2:57  SCV  
  28  3:09  SCV  
  28  3:16  Factory  
  28  3:21  SCV  
  29  3:27  Barracks Tech Lab  
  29  3:29  Orbital Command  
  29  3:30  Marine x2  
  29  3:33  SCV  
  32  3:45  Marine, SCV  
  32  3:47  Stimpack  
  32  3:48  Marine x2  
  36  3:56  SCV  
  36  3:57  SCV  
  36  4:01  Starport  
  38  4:04  Factory Reactor  
  39  4:10  SCV x2, Marine x2  
  39  4:12  Marine  
  41  4:19  Refinery  
  41  4:23  Engineering Bay  
  41  4:24  SCV x2  
  42  4:27  Marine  
  42  4:28  Marine  
  42  4:30  Marine, Supply Depot  
  45  4:36  SCV  
  46  4:43  Supply Depot  
  46  4:49  Factory Tech Lab  
  46  4:51  Marine x3, Medivac x2  
  54  4:55  SCV, Supply Depot  
  54  4:56  Terran Infantry Weapons Level 1  
  55  5:08  SCV x2  
  55  5:09  Marine x3  
  55  5:12  Siege Tank  
  62  5:16  Supply Depot  
  62  5:17  Supply Depot  
  62  5:20  SCV x2  
  64  5:24  Barracks  
  64  5:25  Refinery  
  64  5:31  Marine x2  
  64  5:32  SCV  
  64  5:33  SCV, Combat Shield  
  68  5:44  SCV  
  68  5:45  SCV  
  68  5:46  Marine  
  68  5:49  Marine x2  
  73  5:53  Supply Depot  
  73  5:54  Siege Tank  
  73  5:56  Medivac  
  78  6:01  SCV  
  78  6:02  SCV  
  80  6:04  Marine  
  80  6:06  Marine  
  80  6:07  Marine  
  83  6:15  Supply Depot  
  83  6:17  Marine x2  
  81  6:19  SCV x2  
  81  6:22  Marine  
  81  6:24  Marine x2  
  86  6:26  Siege Tank  
  86  6:30  Starport Reactor  
  86  6:31  Supply Depot  
  89  6:34  Marine  
  90  6:41  Command Center  
  90  6:45  Marine  
  90  6:46  Marine x3  
  94  6:52  Marine, Terran Infantry Armor Level 1  
  95  6:54  Supply Depot  
  95  6:59  SCV x2  
  97  7:03  Marine  
  97  7:06  Marine x2  
  96  7:19  SCV x2  
  96  7:21  Marine x3  
  92  7:23  Siege Tank  
  92  7:24  Marine x2  
  88  7:31  SCV x2  
  86  7:39  Marine x3  
  86  7:42  Liberator x2, Marine x2  
  95  7:55  Barracks  
  95  7:56  Barracks  
  95  7:57  Marine x2  
  97  7:59  SCV, Siege Tank  
  97  8:00  SCV  
  97  8:04  Marine x2  
  97  8:05  Marine  
  105  8:11  SCV  
  105  8:12  SCV  
  107  8:15  Marine x2  
  107  8:16  Armory  
  107  8:17  Engineering Bay  
  107  8:18  Orbital Command  
  109  8:22  Marine  
  109  8:25  Marine x2  
  109  8:28  SCV x2  
  109  8:32  Marine  
  109  8:33  Marine  
  111  8:40  SCV  
  112  8:45  Marine  
  112  8:46  Marine  
  112  8:48  SCV  
  101  8:50  Marine  
  101  8:52  Barracks Reactor x2  
  101  8:53  SCV x2  
  105  9:00  SCV  
  102  9:03  Medivac x2  
  102  9:05  SCV x2  
  108  9:10  Supply Depot  
  108  9:12  SCV, Supply Depot  
  108  9:13  Supply Depot x2  
  108  9:16  Marine x2, Marauder x2  
  117  9:17  Widow Mine x2  
  117  9:19  SCV x2  
  121  9:34  Marine x4  
  121  9:35  Marine  
  121  9:37  Marauder  
  128  9:47  Medivac x2  
  128  9:48  Marine  
  128  9:49  Marauder  
  134  9:57  Command Center  
  134  9:59  Marauder, Marine x2  
  138  10:00  Marine x2  
  138  10:03  Widow Mine x2  
  144  10:12  Marine x2  
Show
View Real Time Build Order
Export as new Build Order

Elazer Zerg 

Build Orders: Hatch First 

Get SALT Encoding   

  12  0:00  Drone  
  13  0:12  Overlord  
  13  0:17  Drone  
  14  0:30  Drone x2  
  16  0:48  Hatchery  
  15  0:51  Drone  
  15  0:54  Drone  
  17  0:57  Drone  
  18  1:10  Extractor  
  17  1:13  Spawning Pool  
  17  1:16  Drone  
  17  1:19  Drone  
  18  1:28  Drone  
  19  1:38  Drone  
  20  1:49  Drone  
  21  2:00  Queen x2  
  21  2:01  Zergling x4  
  27  2:11  Zergling x2  
  27  2:13  Metabolic Boost  
  27  2:14  Overlord  
  28  2:28  Hatchery  
  25  2:33  Zergling x2  
  26  2:40  Zergling x4  
  27  2:47  Queen  
  27  2:50  Zergling x2  
  30  2:55  Drone  
  31  2:59  Drone x2  
  33  3:12  Zergling x4  
  35  3:19  Drone  
  35  3:27  Drone  
  35  3:29  Overlord  
  35  3:41  Drone x5  
  40  3:48  Overlord  
  40  3:49  Drone  
  40  3:53  Drone  
  40  3:55  Drone x2  
  44  3:58  Drone  
  44  4:04  Spore Crawler  
  44  4:05  Drone x6  
  46  4:18  Drone x3  
  46  4:20  Drone  
  50  4:24  Drone x2  
  50  4:28  Drone x3  
  55  4:36  Drone x2, Overlord  
  55  4:37  Overlord  
  57  4:50  Overlord  
  57  4:54  Overlord, Queen x3  
  57  4:55  Drone x2  
  57  4:56  Drone  
  57  4:58  Drone x2  
  57  4:59  Drone  
  69  5:05  Zergling x8  
  73  5:10  Zergling x2  
  73  5:11  Zergling x4  
  76  5:14  Overlord  
  76  5:19  Zergling x10  
  76  5:20  Zergling x2  
  82  5:29  Zergling x6  
  82  5:35  Queen x2  
  85  5:36  Overlord x2  
  89  5:45  Hatchery  
  89  5:49  Drone  
  89  5:52  Overlord  
  89  6:01  Drone x11  
  100  6:05  Extractor  
  100  6:06  Extractor  
  100  6:10  Overlord  
  97  6:17  Drone x7  
  98  6:22  Evolution Chamber x2, Baneling Nest  
  95  6:31  Extractor, Drone x2  
  95  6:32  Drone x3  
  99  6:33  Zergling x4  
  100  6:41  Zergling x4  
  100  6:44  Overlord, Lair  
  102  6:48  Zergling x2  
  102  6:51  Zergling x2  
  102  6:53  Zergling x6  
  107  6:54  Zergling x6  
  110  7:04  Zergling x6  
  110  7:06  Zergling x2  
  112  7:15  Zergling x10  
  105  7:18  Zergling x2  
  105  7:19  Zergling x2  
  105  7:21  Zergling x6  
  105  7:22  Queen x3  
  101  7:28  Zergling x10  
  98  7:32  Zergling x2  
  98  7:35  Zerg Ground Armor Level 1, Zerg Melee Weapons Level 1  
  91  7:37  Zergling x2  
  91  7:38  Zergling x8  
  91  7:42  Zergling x4  
  95  7:44  Baneling x5  
  95  7:46  Queen, Zergling x2  
  95  7:47  Centrifugal Hooks  
  95  7:49  Zergling x2  
  99  7:51  Baneling x2  
  99  7:52  Zergling x4  
  101  8:01  Queen x2  
  101  8:02  Zergling x2  
  101  8:03  Zergling x6  
  108  8:05  Hatchery  
  108  8:06  Queen  
  108  8:07  Zergling x8  
  113  8:15  Zergling x6  
  113  8:17  Baneling  
  113  8:18  Baneling x7  
  116  8:22  Queen  
  118  8:28  Zergling x10  
  122  8:37  Zergling x14  
  124  8:46  Zergling x10  
  117  8:51  Queen  
  117  8:52  Queen, Zergling x6  
  117  8:53  Hatchery  
  123  8:56  Baneling x12  
  123  8:57  Overseer  
  123  9:02  Queen  
  125  9:04  Zergling x6  
  128  9:12  Zergling x4  
  128  9:21  Drone  
  128  9:22  Drone  
  126  9:24  Spore Crawler  
  126  9:27  Drone x8  
  131  9:36  Spore Crawler  
  131  9:37  Drone x2  
  132  9:39  Zergling x10  
  135  9:49  Hydralisk Den  
  132  9:55  Overlord, Zergling x6  
  132  9:56  Zergling x2  
  136  10:04  Overlord  
  118  10:14  Zergling x14  
Tags
 
Add a new tag
Caveats
  • Supply blocks, unpowered buildings, or Contaminate may cause inaccurate times.
  • Supply counts are checked every 10 seconds.